 Dungeon Crawl Stone Soup version 0.30.1-4-g462c640d31 (webtiles) character file.

Game seed: 18310022570865936438

1710 Bobit the Cudgeller (level 9, -5/9 (69) HPs)
             Began as a Gnoll Reaver on Aug 16, 2023.
             Slain by a boulder beetle (7 damage)
             ... on level 7 of the Dungeon.
             The game lasted 00:14:17 (4811 turns).

Bobit the Cudgeller (Gnoll Reaver)                  Turns: 4811, Time: 00:14:19

HP:   -5/9 (69)     AC:  8    Str: 15    XL:     9   Next: 3%
MP:   0/18          EV: 13    Int: 13    God:
Gold: 197           SH:  0    Dex: 11    Spells: 8/20 levels left

rFire   . . .        e - +2 whip (flame)
rCold   . . .        (no shield)
rNeg    . . .        b - +0 leather armour
rPois   .            (no helmet)
rElec   .            h - scarf {shadows}
rCorr   .            t - +0 pair of gloves
SInv    .            (no boots)
Will    .....        d - amulet of guardian spirit
Stlth   ++           m - +4 ring of protection
HPRegen 0.21/turn    (no ring)
MPRegen 0.16/turn

%: guardian spirit
@: extremely drained
A: fangs 1, strong nose, distributed training, wild magic 1
a: no special abilities


You were on level 7 of the Dungeon.
You visited 1 branch of the dungeon, and saw 8 of its levels.

You collected 197 gold pieces.

Inventory:

Hand Weapons
 a - a +0 mace
 e - a +2 whip of flaming (weapon)
 g - a +3 long sword
 p - a +0 flail
 r - a +3 falchion
Armour
 b - a +0 leather armour (worn)
 h - a scarf of shadows (worn)
 t - a +0 pair of gloves (worn)
 u - a +0 cloak
Jewellery
 d - an amulet of guardian spirit (around neck)
 m - a +4 ring of protection (left hand)
 y - an amulet of reflection
Wands
 w - a wand of iceblast (6)
Scrolls
 c - 3 scrolls of fear
 f - a scroll of teleportation
 j - a scroll of identify {unknown}
 k - a scroll of amnesia {unknown}
 l - 2 scrolls of enchant armour {unknown}
 n - a scroll of poison {unknown}
 o - a scroll of blinking {unknown}
Potions
 i - a potion of mutation
 q - a potion of flight (quivered) {unknown}
 s - a potion of berserk rage
 v - a potion of curing {unknown}
 x - a potion of lignification {unknown}


   Skills:
 + Level 6.1 Fighting
 + Level 4.0 Short Blades
 + Level 4.0 Long Blades
 + Level 4.0 Axes
 + Level 7.7 Maces & Flails
 + Level 4.0 Polearms
 + Level 4.0 Staves
 + Level 4.0 Ranged Weapons
 + Level 4.0 Throwing
 + Level 4.0 Armour
 + Level 6.1 Dodging
 + Level 4.0 Stealth
 + Level 4.0 Shields
 + Level 4.0 Unarmed Combat
 + Level 6.4 Spellcasting
 + Level 6.4 Conjurations
 + Level 3.2 Hexes
 + Level 3.2 Summonings
 + Level 3.2 Necromancy
 + Level 3.2 Translocations
 + Level 3.2 Transmutations
 + Level 3.2 Fire Magic
 + Level 3.2 Ice Magic
 + Level 3.2 Air Magic
 + Level 3.2 Earth Magic
 + Level 3.2 Poison Magic
 + Level 4.3 Invocations
 + Level 4.0 Evocations


You had 8 spell levels left.
You knew the following spells:

 Your Spells              Type           Power      Damage    Failure   Level
a - Kiss of Death         Conj/Necr      84%        2d11      4%          1
b - Momentum Strike       Conj/Tloc      42%        3d9       7%          2
c - Hailstorm             Conj/Ice       21%        3d6       13%         3
d - Dazzling Flash        Conj/Hex       42%        N/A       13%         3
e - Call Canine Familiar  Summ           16%        N/A       22%         3

Your spell library contained the following spells:

 Spells                   Type           Power      Damage    Failure   Level
 Frozen Ramparts          Ice            32%        1d5       22%         3
 Portal Projectile        Hex/Tloc       32%        N/A       22%         3
 Vhi's Electric Charge    Tloc/Air       32%        N/A       22%         3
 Volatile Blastmotes      Fire/Tloc      32%        2d12      22%         3
 Iskenderun's Mystic Bla  Conj/Tloc      21%        2d6       34%         4
 Ice Form                 Ice/Tmut       16%        N/A       54%         4
 Leda's Liquefaction      Hex/Erth       8%         N/A       54%         4
 Summon Ice Beast         Ice/Summ       16%        N/A       54%         4
 Arcjolt                  Conj/Air       10%        1d20      67%         5
 Starburst                Conj/Fire      10%        6d5       99%         6
 Maxwell's Capacitive Co  Air            8%         ∞         100%        8


Dungeon Overview and Level Annotations

Branches:
Dungeon (8/15)
 Temple: D:4-7         Lair: D:8-11

Altars:
Dithmenos
Zin

Shops:
D:7 (

Annotations:
D:6 Duvessa
D:8 Prince Ribbit


Innate Abilities, Weirdness & Mutations

You have very sharp teeth.
Your uncanny sense of smell can sniff out nearby items.
Your experience applies equally to all skills.
Your spells are a little harder to cast, but a little more powerful.


Message History

The boulder beetle is drained!
The boulder beetle is severely wounded.
You feel drained.
The boulder beetle leaps!
You hit the shadow imp. You burn the shadow imp.
The shadow imp is severely wounded.
The shadow imp barely misses you.
Your magical contamination has completely faded away.
You hit the shadow imp. You burn the shadow imp.
You kill the shadow imp!
Your Short Blades skill increases to level 4!
Your Long Blades skill increases to level 4!
Your Axes skill increases to level 4!
Your Polearms skill increases to level 4!
Your Staves skill increases to level 4!
Your Ranged Weapons skill increases to level 4!
Your Throwing skill increases to level 4!
Your Armour skill increases to level 4!
Your Stealth skill increases to level 4!
Your Shields skill increases to level 4!
Your Unarmed Combat skill increases to level 4!
Your Evocations skill increases to level 4!
Hit: e) +2 whip (flame)
Press: ? - help, Dir - move target, f - you, p - boulder beetle
Okay, then.
The boulder beetle leaps!
There is an open door here.
The boulder beetle barely misses you. The boulder beetle bites you!
* * * LOW HITPOINT WARNING * * *
Casting: Kiss of Death (safe; 4% risk of failure)
Confirm with . or Enter, or press ? or * to list all spells.
Aiming: Kiss of Death (safe; 4% risk of failure)
Press: ? - help, Shift-Dir - straight line, f/p - boulder beetle
Aim: a boulder beetle (severely wounded, lightly drained, 100% to hit)
The negative energy hits the boulder beetle.
The boulder beetle is drained!
The boulder beetle is almost dead.
You feel drained. The boulder beetle bites you!
Ouch! That really hurt!
You die...

∆ .. ∆ #.# #.# #.# #..##
##### #.# #..# ....# #.#
#.########.# ###.######.#
###..........# #
#......#.# #.B...# #..# #
#........###.#@..# #..# #
#...##..)....##..#####..#
#
#............'.......#..#
#
#............#######....#
# #.....○......# #.#..#
#####..........#
#.#..#######
)..............#
#.#.........
######.........#
#.#...###### #####...###
#.#....###..


You could see a boulder beetle (very drained).

Vanquished Creatures
  Pikel (D:8)
  A wyvern (D:8)
  A steam dragon (D:7)
  A sky beast (D:7)
  2 ice beasts
  A black bear (D:5)
  2 lemures (D:8)
  A phantom (D:7)
  A bullfrog (D:7)
  4 wights (D:7)
  A howler monkey (D:4)
  A killer bee (D:8)
  2 hounds
  An iguana (D:4)
  A gnoll (D:7)
  4 adders
  2 shadow imps (D:7)
  An ufetubus (D:7)
  A worm (D:2)
  A dart slug (D:1)
  2 orcs
  9 endoplasms
  4 giant cockroaches
  9 goblins
  6 hobgoblins
  6 quokkas
  6 ball pythons
  3 bats
  A frilled lizard (D:1)
  3 kobolds
  5 rats
84 creatures vanquished.

Notes
Turn   | Place    | Note
-------+----------+-------------------------------------------
     0 | D:1      | Bobit the Gnoll Reaver began the quest for the Orb.
     0 | D:1      | Reached XP level 1. HP: 20/20 MP: 6/6
   230 | D:1      | Reached XP level 2. HP: 25/26 MP: 7/7
   838 | D:1      | Reached skill level 5 in Spellcasting
   838 | D:1      | Reached XP level 3. HP: 30/31 MP: 7/9
   925 | D:1      | Reached skill level 1 in Invocations
  1258 | D:2      | Found a glowing silver altar of Zin.
  1300 | D:2      | Reached skill level 1 in Short Blades
  1300 | D:2      | Reached skill level 1 in Long Blades
  1300 | D:2      | Reached skill level 1 in Axes
  1300 | D:2      | Reached skill level 1 in Polearms
  1300 | D:2      | Reached skill level 1 in Staves
  1300 | D:2      | Reached skill level 1 in Ranged Weapons
  1300 | D:2      | Reached skill level 1 in Throwing
  1300 | D:2      | Reached skill level 1 in Armour
  1300 | D:2      | Reached skill level 1 in Stealth
  1300 | D:2      | Reached skill level 1 in Shields
  1300 | D:2      | Reached skill level 1 in Unarmed Combat
  1300 | D:2      | Reached skill level 1 in Evocations
  1788 | D:2      | Reached XP level 4. HP: 38/38 MP: 11/11
  2385 | D:4      | Learned a level 2 spell: Momentum Strike
  2389 | D:4      | Learned a level 3 spell: Hailstorm
  2453 | D:4      | Reached skill level 1 in Hexes
  2453 | D:4      | Reached skill level 1 in Summonings
  2453 | D:4      | Reached skill level 1 in Necromancy
  2453 | D:4      | Reached skill level 1 in Translocations
  2453 | D:4      | Reached skill level 1 in Transmutations
  2453 | D:4      | Reached skill level 1 in Fire Magic
  2453 | D:4      | Reached skill level 1 in Ice Magic
  2453 | D:4      | Reached skill level 1 in Air Magic
  2453 | D:4      | Reached skill level 1 in Earth Magic
  2453 | D:4      | Reached skill level 1 in Poison Magic
  2593 | D:4      | Reached XP level 5. HP: 39/43 MP: 10/12
  2726 | D:4      | Noticed an ogre
  2758 | D:5      | Entered Level 5 of the Dungeon
  3054 | D:5      | Noticed a black bear
  3064 | D:5      | Killed a black bear
  3065 | D:5      | Reached skill level 5 in Fighting
  3065 | D:5      | Reached skill level 5 in Dodging
  3065 | D:5      | Reached XP level 6. HP: 27/51 MP: 4/14
  3168 | D:5      | Noticed an orc warrior
  3198 | D:6      | Noticed Duvessa
  3464 | D:7      | Noticed a steam dragon
  3489 | D:7      | Killed a steam dragon
  3490 | D:7      | Reached skill level 7 in Maces & Flails
  3490 | D:7      | Reached XP level 7. HP: 25/49 MP: 4/15
  3804 | D:8      | Noticed Pikel
  3830 | D:8      | Gained mutation: Your spells are a little harder to cast,
                  | but a little more powerful. [potion of mutation]
  3842 | D:8      | Killed Pikel
  3843 | D:8      | Reached XP level 8. HP: 15/64 MP: 0/17
  4140 | D:8      | Learned a level 3 spell: Dazzling Flash
  4144 | D:8      | Learned a level 3 spell: Call Canine Familiar
  4157 | D:8      | Noticed a wyvern
  4167 | D:8      | Killed a wyvern
  4359 | D:8      | Found a shadowy altar of Dithmenos.
  4416 | D:8      | Noticed Prince Ribbit
  4488 | D:7      | Found Moihusul's Antique Weapon Boutique.
  4529 | D:7      | Noticed a two-headed ogre
  4565 | D:7      | Reached XP level 9. HP: 18/69 MP: 1/18
  4759 | D:7      | Noticed a boulder beetle
  4811 | D:7      | Slain by a boulder beetle

Illustrated notes

Levels and vault maps discovered:
D:1:      dpeg_arrival_rooms_with_view, layout_loops_corners,
          shapermc_ecumenical_altar_petra
D:2:      layout_basic, basic_altar, minmay_misc_feat_alley
D:3:      layout_basic, minmay_close_crescents
D:4:      layout_basic, chequers_temple_overflow_minitemple,
          minmay_misc_feat_enclosed, kennysheep_nub, nicolae_half_adder
D:5:      layout_rooms, minmay_misc_feat_five, minmay_lizard_king
D:6:      layout_gridville, temple_pool_b, portal_sewer_entry_c, serial_glass,
          glass_columns_a, glass_columns_a, uniq_menkaure, uniq_duvessa,
          uniq_crazy_yiuf_cottage
D:7:      minmay_chambers_of_sixes, layout_basic, serial_shops, shop
D:8:      layout_gridville, marbit_many_paths, uniq_pikel, uniq_prince_ribbit1

Skill      XL: |  1  2  3  4  5  6  7  8  9 |
---------------+----------------------------+-----
Spellcasting   | 5 6 |  6.4
Invocations    | 1 2 3 4 |  4.3
Short Blades   | 1 2 3 4 |  4.0
Long Blades    | 1 2 3 4 |  4.0
Axes           | 1 2 3 4 |  4.0
Polearms       | 1 2 3 4 |  4.0
Staves         | 1 2 3 4 |  4.0
Ranged Weapons | 1 2 3 4 |  4.0
Throwing       | 1 2 3 4 |  4.0
Armour         | 1 2 3 4 |  4.0
Stealth        | 1 2 3 4 |  4.0
Shields        | 1 2 3 4 |  4.0
Unarmed Combat | 1 2 3 4 |  4.0
Evocations     | 1 2 3 4 |  4.0
Hexes          | 1 2 3 |  3.2
Summonings     | 1 2 3 |  3.2
Necromancy     | 1 2 3 |  3.2
Translocations | 1 2 3 |  3.2
Transmutations | 1 2 3 |  3.2
Fire Magic     | 1 2 3 |  3.2
Ice Magic      | 1 2 3 |  3.2
Air Magic      | 1 2 3 |  3.2
Earth Magic    | 1 2 3 |  3.2
Poison Magic   | 1 2 3 |  3.2
Fighting       | 5 6 |  6.1
Dodging        | 5 6 |  6.1
Maces & Flails | 7 |  7.7
Conjurations   | 6 |  6.4

Action                     |  1- 3 |  4- 6 |  7- 9 || total
---------------------------+-------+-------+-------++-------
  Melee: Mace              |   124 |   115 |       ||   239
         Bite              |     9 |    13 |    10 ||    32
         Punch             |       |     5 |     5 ||    10
         Flail             |       |    22 |    32 ||    54
         Whip              |       |       |    66 ||    66
   Cast: Momentum Strike   |       |     4 |    12 ||    16
         Kiss of Death     |       |     2 |     7 ||     9
         Hailstorm         |       |       |     7 ||     7
    Use: Potion            |       |       |     6 ||     6
         Scroll            |       |       |     3 ||     3
   Stab: Sleeping          |     1 |     1 |     1 ||     3
         Distracted        |       |       |     1 ||     1
 Armour: Leather armour    |    34 |    64 |    24 ||   122
  Dodge: Dodged            |    76 |   125 |    63 ||   264
